 Dungeon Crawl Stone Soup version 0.16-a0-129-gbf5829b (webtiles) character file.

6737 Sachiko the Covert (level 10, -2/44 HPs)
             Began as a Spriggan Enchanter on Aug 13, 2014.
             Was a Priest of Dithmenos.
             Slain by a hill giant
             ... wielding a +0 giant club
              (45 damage)
             ... on Level 10 of the Dungeon.
             The game lasted 00:41:23 (8753 turns).

Sachiko the Covert (Spriggan Enchanter)             Turns: 8753, Time: 00:41:23

HP  -2/44        AC  4     Str  9      XL: 10   Next: 75%
MP   1/31        EV 23     Int 19      God: Dithmenos [***...]
Gold 439         SH  0     Dex 17      Spells:  3 memorised, 24 levels left

rFire  . . .     SeeInvis +     b - +2 dagger (distort)
rCold  . . .     Clarity  .     r - +2 robe "Hexen" {Str+2 Slay+3}
rNeg   . . .     rCorr    .     (shield restricted)
rPois  +         rRot     .     (helmet restricted)
rElec  .         Spirit   .     (no cloak)
SustAb .         Warding  .     (gloves unavailable)
rMut   .         Stasis   .     (boots unavailable)
Gourm  .                        (no amulet)
MR     +....                    v - ring of poison resistance
                                H - +2 ring of intelligence

@: wreathed by umbra, very quick, somewhat resistant to hostile enchantments,
very stealthy
A: unfitting armour, see invisible, herbivore 3, speed 3, slow metabolism 2,
wild magic 1
a: Shadow Step, Renounce Religion


You were on level 10 of the Dungeon.
You worshipped Dithmenos.
Dithmenos was most pleased with you.
You were not hungry.

You visited 2 branches of the dungeon, and saw 11 of its levels.

You collected 461 gold pieces.
You spent 22 gold pieces at shops.

Inventory:

Hand weapons
 a - a +2 dagger
 b - a +2 dagger of distortion (weapon)
 E - a +1 dagger of venom
Missiles
 C - 12 stones (quivered)
Armour
 r - the +2 robe "Hexen" (worn) {Str+2 Slay+3}
   (You found it on level 7 of the Dungeon)

   It affects your strength (+2).
   It affects your accuracy and damage with ranged weapons and melee attacks
   (+3).
Magical devices
 l - a wand of draining (3) {unknown}
 s - a wand of slowing (12)
 t - a wand of enslavement (7)
 w - a wand of disintegration (8)
 A - a wand of digging (6)
 I - a wand of polymorph (14) {unknown}
Comestibles
 f - 7 bread rations
 j - 3 royal jellies
 k - 5 fruits
Scrolls
 e - 7 scrolls of remove curse
 h - 2 scrolls of amnesia
 n - a scroll of fear
 p - 2 scrolls of enchant weapon
 q - a scroll of teleportation
 D - a scroll of acquirement {unknown}
 F - a scroll of magic mapping {unknown}
 G - a scroll of fog {unknown}
Jewellery
 g - an uncursed ring of positive energy
 v - a ring of poison resistance (right hand)
 H - a +2 ring of intelligence (left hand)
Potions
 d - a potion of porridge
 i - 2 potions of might
 m - 5 potions of curing
 o - a potion of brilliance
 u - a potion of agility
 x - a potion of heal wounds
 z - a potion of berserk rage
 B - a potion of resistance {unknown}
 J - a potion of restore abilities {unknown}
 K - a potion of haste {unknown}
Books
 c - a book of Maledictions

   Spells                             Type                      Level
   *Corona                            Hexes                        1
   Sure Blade                         Hexes/Charms                 2
   *Ensorcelled Hibernation           Hexes/Ice                    2
   *Confuse                           Hexes                        3
   Dazzling Spray                     Conjuration/Hexes            3
   Enslavement                        Hexes                        4
 y - a book of Conjurations

   Spells                             Type                      Level
   Magic Dart                         Conjuration                  1
   Searing Ray                        Conjuration                  2
   Dazzling Spray                     Conjuration/Hexes            3
   Fulminant Prism                    Conjuration/Hexes            4
   Iskenderun's Mystic Blast          Conjuration                  4
   Iskenderun's Battlesphere          Conjuration/Charms           5


   Skills:
 + Level 8.1 Short Blades
 + Level 7.4 Dodging
 - Level 12.5 Stealth
 + Level 10.5 Spellcasting
 + Level 10.1 Hexes


You had 24 spell levels left.
You knew the following spells:

 Your Spells              Type           Power        Failure   Level  Hunger
a - Corona                Hex            ######.      1%          1    None
b - Ensorcelled Hibernat  Hex/Ice        #####.       4%          2    None
c - Confuse               Hex            ######..     2%          3    None


Dungeon Overview and Level Annotations

Branches:
Dungeon (10/15)            Temple (1/1) D:6             Orc (0/4) D:10
   Lair (0/8) D:10

Altars:
Ashenzari
Cheibriados
Dithmenos
Elyvilon
Fedhas
Gozag
Kikubaaqudgha
Makhleb
Nemelex Xobeh
Okawaru
Qazlal
Sif Muna
Trog
Vehumet
Xom
Yredelemnul
Zin
The Shining One

Shops:
D:6 ?


Innate Abilities, Weirdness & Mutations

You are tiny and cannot use many weapons and most armour.
You have supernaturally acute eyesight.
You are a herbivore.
You cover ground extremely quickly.
You need consume almost no food.
Your spells are a little harder to cast, but a little more powerful.


Message History

The ogre zombie is devoured by a tear in reality.
An orc zombie comes into view.
A hill giant comes into view. It is wielding a giant club.
The hill giant shouts!
An orc zombie comes into view.
Casting: Confuse
Confirm with . or Enter, or press ? or * to list all spells.
Aiming: Ensorcelled Hibernation
Press: ? - help, Shift-Dir - straight line, f - hill giant
Aim: a hill giant, wielding a giant club (umbra)
The hill giant resists.
Casting: Ensorcelled Hibernation
Confirm with . or Enter, or press ? or * to list all spells.
Aiming: Ensorcelled Hibernation
Press: ? - help, Shift-Dir - straight line, f/p - hill giant
Aim: a hill giant, wielding a giant club (umbra)
The hill giant resists.
The hill giant hits you with a giant club!!!
Ouch! That really hurt!
You die...

..#..... ... ..#......
.Z...... ..#.>....#
........#
..#......#.........#
..#......##........#
###.......#....Z...#
..........# ......#
..........#####.C..######
...######.....#.@....Z...
...# #####.....#####.
...# #...%..8..§...# ...#
#........§§...# .. ...#
##.........§...#.... ...#
##...................
...#
#..8.....>.....8.....
...#
#....................
...#
#.#.............#....


You could see a hill giant, a goblin zombie and 2 orc zombies.

Vanquished Creatures
  The ghost of Tolias the Spear-Bearer, an experienced TeCK of Xom (D:7)
  A two-headed ogre (D:9)
  A boulder beetle (D:8)
  A wraith (D:10)
  2 hippogriffs
  6 yaks (D:8)
  Eustachio (D:5)
  A hill giant zombie (D:8)
  3 deep elf magi
  A hungry ghost (D:10)
  2 orc warriors
  2 sky beasts
  A necrophage (D:7)
  3 phantoms
  3 ogres
  3 centaurs
  A crocodile (D:8)
  A big kobold (D:10)
  3 giant frogs
  4 scorpions
  2 troll zombies
  2 goliath beetles
  2 giant frog zombies
  A centaur zombie (D:5)
  A crimson imp (D:5)
  3 killer bees (D:9)
  5 hounds
  A jelly (D:5)
  Crazy Yiuf (D:6)
  5 orc priests
  2 centaur skeletons
  9 orc wizards
  4 worker ants
  A sky beast zombie (D:6)
  2 ogre zombies (D:10)
  A big kobold skeleton (D:9)
  A hound skeleton (D:7)
  6 gnolls
  9 orc zombies
  18 adders
  2 shadow imps (D:9)
  2 giant mites
  3 worms
  5 giant geckos
  An ooze (D:1)
  30 orcs
  4 ball pythons
  16 bats
  A giant cockroach (D:1)
  9 goblins
  18 hobgoblins
  3 jackals (D:9)
  17 kobolds
  3 quokkas
  6 giant newts
  A giant spore (D:8)
  A gnoll skeleton (D:7)
  A goblin skeleton (D:10)
  A goblin zombie (D:10)
  3 hobgoblin skeletons
  2 hobgoblin zombies
  A jackal zombie (D:5)
  A kobold skeleton (D:5)
  7 rats
  A ballistomycete (D:8)
  A fungus (D:6)
257 creatures vanquished.

Vanquished Creatures (others)
  An ogre zombie (D:10)
  An orc (D:9)
  An orc zombie (D:10)
3 creatures vanquished.

Grand Total: 260 creatures vanquished

Notes
Turn   | Place    | Note
--------------------------------------------------------------
     0 | D:1      | Sachiko, the Spriggan Enchanter, began the quest for the Orb.
     0 | D:1      | Reached XP level 1. HP: 9/9 MP: 4/4
   128 | D:1      | Reached skill level 5 in Stealth
   163 | D:1      | Reached XP level 2. HP: 5/13 MP: 7/7
   751 | D:2      | Learned a level 2 spell: Ensorcelled Hibernation
   759 | D:2      | Found a radiant altar of Vehumet.
   815 | D:2      | Reached skill level 6 in Stealth
   868 | D:2      | Reached XP level 3. HP: 12/16 MP: 9/9
  1227 | D:3      | Reached skill level 7 in Stealth
  1302 | D:3      | Reached XP level 4. HP: 15/21 MP: 12/12
  1308 | D:3      | Found a shattered altar of Ashenzari.
  1820 | D:4      | Noticed a centaur
  1827 | D:4      | Killed a centaur
  1827 | D:4      | Reached skill level 8 in Stealth
  1827 | D:4      | Reached XP level 5. HP: 24/24 MP: 3/14
  2524 | D:5      | Entered Level 5 of the Dungeon
  2739 | D:5      | Learned a level 3 spell: Confuse
  2761 | D:5      | Reached XP level 6. HP: 28/28 MP: 8/17
  2813 | D:5      | Reached skill level 5 in Short Blades
  2832 | D:5      | Noticed Eustachio
  2839 | D:5      | Killed Eustachio
  2919 | D:5      | Noticed an ogre
  2925 | D:5      | Killed an ogre
  2925 | D:5      | Reached XP level 7. HP: 32/32 MP: 10/19
  3021 | D:5      | Noticed an ogre
  3027 | D:5      | Killed an ogre
  3027 | D:5      | Reached skill level 9 in Stealth
  3724 | D:5      | Reached skill level 10 in Stealth
  3963 | D:6      | Reached XP level 8. HP: 27/36 MP: 14/21
  4021 | D:6      | Noticed a deep elf mage
  4050 | D:6      | Found a staircase to the Ecumenical Temple.
  4060 | Temple   | Entered the Ecumenical Temple
  4355 | Temple   | Became a worshipper of Dithmenos the Shadowed
  4547 | D:6      | Found Difaruup's Magic Scroll Shop.
  4553 | D:6      | Bought a scroll of identify for 22 gold pieces
  4557 | D:6      | Gained mutation: Your spells are a little harder to cast, but a little more powerful. [potion of beneficial mutation]
  4688 | D:6      | Killed a deep elf mage
  4688 | D:6      | Reached skill level 11 in Stealth
  4905 | D:6      | Reached skill level 5 in Hexes
  5237 | D:6      | Noticed Crazy Yiuf
  5246 | D:6      | Killed Crazy Yiuf
  5404 | D:7      | Found a glowing silver altar of Zin.
  5425 | D:7      | Reached skill level 5 in Spellcasting
  5466 | D:7      | Noticed Tolias' ghost (experienced TeCK)
  5514 | D:7      | Killed Tolias' ghost
  5514 | D:7      | Reached skill level 5 in Dodging
  5514 | D:7      | Reached skill level 12 in Stealth
  5514 | D:7      | Reached XP level 9. HP: 37/39 MP: 11/25
  5680 | D:7      | Found an opulent altar of Gozag.
  5943 | D:7      | Got a sheer robe
  5955 | D:7      | Identified the +2 robe "Hexen" {Str+2 Slay+3} (You found it on level 7 of the Dungeon)
  6889 | D:8      | Acquired Dithmenos' first power
  6945 | D:8      | Reached XP level 10. HP: 30/44 MP: 16/29
  7797 | D:9      | Acquired Dithmenos' second power
  8298 | D:10     | Entered Level 10 of the Dungeon
  8398 | D:10     | Noticed a hill giant
  8400 | D:10     | Reached skill level 10 in Spellcasting
  8439 | D:10     | Banished a hill giant
  8481 | D:10     | Found a staircase to the Lair.
  8579 | D:10     | Found a staircase to the Orcish Mines.
  8630 | D:10     | Reached skill level 10 in Hexes
  8748 | D:10     | Noticed a hill giant
  8753 | D:10     | Slain by a hill giant

Action                   |  1- 3 |  4- 6 |  7- 9 | 10-12 || total
-------------------------+-------+-------+-------+-------++-------
Melee: Dagger            |    81 |    90 |   160 |   156 ||   487
Throw: Stone             |       |       |       |    13 ||    13
 Cast: Ensorcelled Hiber |     7 |    41 |    87 |    76 ||   211
       Confuse           |       |     2 |    14 |    25 ||    41
Invok: Shadow Step       |       |       |       |     1 ||     1
Evoke: Wand              |     1 |     1 |     4 |       ||     6
  Use: Scroll            |     6 |     4 |     5 |     3 ||    18
       Potion            |       |       |     1 |     1 ||     2
 Stab: Sleeping          |    16 |    28 |    67 |    62 ||   173
       Distracted        |     1 |       |     1 |       ||     2
       Confused          |       |     1 |     7 |    12 ||    20
  Eat: Fruit             |       |     2 |     3 |       ||     5
       Bread ration      |       |       |     1 |       ||     1
